 Dungeon Crawl Stone Soup version 0.29-a0-857-g9b1aa3ac5b (webtiles) character file.

Game seed: 18045099849265879618

5 concernfroge the Trooper (level 1, -1/18 HPs)
             Began as a Mummy Monk on July 17, 2022.
             Slain by a goblin
             ... wielding a +0 dagger
              (3 damage)
             ... on level 1 of the Dungeon.
             The game lasted 00:00:54 (68 turns).

concernfroge the Trooper (Mummy Monk)                 Turns: 68, Time: 00:00:55

Health: -1/18      AC:  0    Str: 14    XL:     1   Next: 66%
Magic:  1/1        EV: 12    Int:  9    God:
Gold:   0          SH:  0    Dex: 14    Spells: 0/0 levels left

rFire   x . .      SeeInvis .   a - +0 spear
rCold   + . .      Faith    .   (no shield)
rNeg    + + +      Spirit   .   (no body armour)
rPois   ∞          Reflect  .   (no helmet)
rElec   .          Harm     .   (no cloak)
rCorr   .          Rampage  .   (no gloves)
Will    .....                   (no boots)
Stlth   ++........              (no amulet)
HPRegen 0.06/turn               (no ring)
MPRegen 0.07/turn               (no ring)

@: no status effects
A: cold resistance 1, negative energy resistance 3, torment resistance 2, heat
vulnerability 1, no potions
a: no special abilities


You were on level 1 of the Dungeon.
You visited 1 branch of the dungeon, and saw 1 of its levels.

Inventory:

Hand Weapons
 a - a +0 spear (weapon)
Armour
 b - a +0 robe
 c - a +0 ring mail


   Skills:
 + Level 3.4 Fighting
 - Level 2.4 Polearms
 - Level 2.4 Dodging
 - Level 1.5 Stealth


You couldn't memorise any spells.
You didn't know any spells.
Your spell library was empty.

Dungeon Overview and Level Annotations

Branches:
Dungeon (1/15)

Altars:


Innate Abilities, Weirdness & Mutations

You are immune to poison.
Your flesh is cold resistant. (rC+)
You are immune to negative energy. (rN+++)
You are immune to unholy pain and torment.
You are vulnerable to heat. (rF-)
You do not drink.


Message History

You hit the hobgoblin.
You kill the hobgoblin!
The bat hits you but does no damage. x2
You hit the bat.
You kill the bat!
The bat closely misses you.
You hit the bat.
You kill the bat!
Found 27 gold pieces.
You see here a bat corpse.
A quokka and a goblin come into view.
Found a stone staircase leading down.
You see here a +0 ring mail.
c - a +0 ring mail The goblin shouts!
You see here a giant cockroach corpse.
You start removing your armour.
You continue taking off your +0 robe. x4
The goblin barely misses you.
You finish taking off your +0 robe.
You start putting on your armour.
You continue putting on your +0 ring mail.
The goblin hits you with a +0 dagger.
Keep equipping yourself? [Y]es or [N]o only, please.
Keep equipping yourself? [Y]es or [N]o only, please.
Keep equipping yourself? [Y]es or [N]o only, please.
Keep equipping yourself?
You continue putting on your +0 ring mail.
The goblin hits you with a +0 dagger.
You continue putting on your +0 ring mail.
The goblin hits you with a +0 dagger.
* * * LOW HITPOINT WARNING * * *
You continue putting on your +0 ring mail.
The goblin hits you with a +0 dagger.
* * * LOW HITPOINT WARNING * * *
You continue putting on your +0 ring mail.
The goblin hits you with a +0 dagger.
You die...

....#######
##...#.....#### #
#....#..⌠.....#
#.###..###........
###!......#......#
.......†#††......# .
...........#..<..# .).
.......†...g.....# #....
..........#.@....#......
.........###......?..#
.....?...# #..⌠.....##
$........# #.....####
$?.......# #######
........#


You could see a goblin.

Vanquished Creatures
  2 bats (D:1)
  A giant cockroach (D:1)
  A hobgoblin (D:1)
  A rat (D:1)
5 creatures vanquished.

Notes
Turn   | Place    | Note
-------+----------+-------------------------------------------
     0 | D:1      | concernfroge the Mummy Monk began the quest for the Orb.
     0 | D:1      | Reached XP level 1. HP: 18/18 MP: 1/1
    68 | D:1      | Slain by a goblin

Illustrated notes

Levels and vault maps discovered:
D:1:      dpeg_arrival_arbitrary_c, layout_rooms, serial_shops,
          nicolae_shop_hallway_plus, shop, nicolae_shop_behind_doors,
          nicolae_shop_waterfront, shop_coins

Action                   || total
-------------------------++-------
Melee: Spear             ||    35
Armor: Robe              ||    23
Dodge: Dodged            ||    25

Table legend: (Time is in decaauts)
 A = Elapsed time spent in this place.
 B = Non-inter-level travel time spent in this place.
 C = Inter-level travel time spent in this place.
 D = Time resting spent in this place.
 E = Time spent auto-exploring this place.
 F = Levels seen in this place.
 G = Mean time per level.
                   A        B        C        D        E       F      G
               +--------+--------+--------+--------+--------+-----+--------+
         Total |     67 |     62 |      5 |      0 |      2 |   1 |   67.0 |
       Dungeon |     67 |     62 |      5 |      0 |      2 |   1 |   67.0 |
               +--------+--------+--------+--------+--------+-----+--------+

Top non-repeatable levels by time:
     D:1: 67 daAuts
